 Dungeon Crawl Stone Soup version 0.29-a0-998-g1987434951 (webtiles) character file.

Game seed: 4015949776324367864

25 spiderkeys the Sneak (level 3, 0/25 HPs)
             Began as an Octopode Brigand on Aug 6, 2022.
             Slain by Sigmund
             ... wielding a +1 vorpal scythe
              (12 damage)
             ... on level 2 of the Dungeon.
             The game lasted 00:01:54 (1589 turns).

spiderkeys the Sneak (Octopode Brigand)             Turns: 1589, Time: 00:01:54

Health: 0/25       AC:  1    Str: 10    XL:     3   Next: 4%
Magic:  3/3        EV: 13    Int: 13    God:
Gold:   52         SH:  0    Dex: 15    Spells: 2/2 levels left

rFire   . . .      SeeInvis .   a - +2 dagger
rCold   . . .      Faith    .   (no shield)
rNeg    . . .      Spirit   .   (helmet restricted)
rPois   .          Reflect  .   (no amulet)
rElec   .          Harm     .   (no ring)
rCorr   .          Rampage  .   (no ring)
Will    .....                   (no ring)
Stlth   ++++......              (no ring)
HPRegen 0.08/turn               (no ring)
MPRegen 0.08/turn               (no ring)
                                (no ring)
                                (no ring)

@: flying
A: almost no armour, amphibious, 8 rings, camouflage 1, gelatinous body 1,
(nimble swimmer 1), tentacles
a: no special abilities


You were on level 2 of the Dungeon.
You visited 1 branch of the dungeon, and saw 2 of its levels.

You collected 52 gold pieces.


Innate Abilities, Weirdness & Mutations

You cannot wear most types of armour.
You are amphibious.
You can wear up to eight rings at the same time.
Your skin changes colour to match your surroundings (Stealth+).
Your rubbery body absorbs attacks. (AC +1, EV +1)
((You are camouflaged when in or above water. (Stealth+)))
You have tentacles for arms and can constrict up to eight enemies at once.


   Skills:
 + Level 2.3 Fighting
 - Level 2.0(2.1) Short Blades
 + Level 0.9(1.5) Long Blades
 + Level 2.3 Throwing
 + Level 1.4 Dodging
 + Level 5.6 Stealth


You had 2 spell levels left.
You didn't know any spells.
Your spell library contained the following spells:

 Spells                   Type           Power      Damage    Failure   Level
 Beastly Appendage        Tmut           0%         N/A       30%         1
 Poisonous Vapours        Pois/Air       0%         N/A       43%         2
 Wereblood                Tmut           0%         N/A       43%         2
 Spider Form              Tmut/Pois      0%         N/A       67%         3
 Corpse Rot               Necr/Pois/Air  0%         N/A       97%         4

Inventory:

Hand Weapons
 a - a +2 dagger (weapon)
Missiles
 b - 8 poisoned darts (quivered)
 h - 19 stones
Scrolls
 e - a scroll of blinking {!r}
 i - a scroll of poison {!r}
 n - a scroll of identify {@r1}
Potions
 d - a potion of haste {unknown}
 f - a potion of flight
 g - a potion of heal wounds {unknown}
 j - a potion of cancellation {unknown}
 k - a potion of invisibility {unknown}
 m - a potion of magic {unknown}
 o - a potion of lignification {unknown}

Dungeon Overview and Level Annotations

Branches:
Dungeon (2/15) Zot: 10413

Altars:

Annotations:
D:2 Sigmund

#.##.####. #.....>..
##.......# ##.(......#
........<.# #........#
##......$#
.......@..###############
########@###...<.........
#.....#.####........
#######.###.#.# #.#######
........# #...# #.# #
#######.###.### #.# #
#.....######.# #
##.#......##.# #
##.#####.##.# # ###
#.##.# ##


You could see Sigmund.


Message History

The bat hits you. 😕 HP[-1]
You take 1 damage, and now have 18/19 hp.
You miss the bat. Your grab misses the bat.
The bat hits you but does no damage. The bat misses you.
The bat hits you but does no damage.
A bat is nearby!
You hit the bat but do no damage. You grab the bat. You constrict the bat.
The bat barely misses you. The bat hits you but does no damage.
You hit the bat.
You kill the bat!
You have reached level 3!
Your experience leads to an increase in your attributes!
Increase (S)trength, (I)ntelligence, or (D)exterity?
You feel agile. x2 😕 HP[+5] MP[+1]
You now have 24 max hp (+5).
You regained 5 hp, and now have 23/24 hp.
Your mp is fully restored (3).
You now have 52 gold pieces (gained 3).
Key pressed, stopping explore.
f - 2 fuming brown potions (gained 1)
h - 19 stones (gained 3)
o - a fizzy purple potion 😎 HP[+1]
Your hp is fully restored (24).
Key pressed, stopping explore.
Found a stone staircase leading up.
Found a stone staircase leading down.
A rat comes into view.
You see here 9 gold pieces.
A rat is nearby!
Sigmund the Dreaded comes into view.
He is wielding a +1 vorpal scythe.
Throw: 3 darts (curare) {=f}
Press: ? - help, Shift-Dir - straight line, f - rat
Aim: a rat (asleep, 98% to hit)
You throw a curare-tipped dart {=f}.
The curare-tipped dart {=f} hits the rat.
The rat is poisoned.
The rat convulses.
You kill the rat!
Sigmund shouts! 😎 HP[+1]
You now have 25 max hp (+1).
Your hp is fully restored (25).
Okay, then.
Sigmund casts a spell.
Sigmund flickers and vanishes!
Deactivating autopickup; reactivate with Ctrl-A.
Okay, then.
There is a stone staircase leading up here.
You climb upwards.
Reactivating autopickup.
There is a stone staircase leading down here.
You start waiting.
Done waiting.
You start waiting.
Done waiting.
You climb downwards.
Level annotation: Sigmund
There is a stone staircase leading up here.
Throw: 9 darts (poison)
Press: ? - help, Q - select action, (/) - cycle Shift-Dir - straight line, f - Sigmund
Aim: Sigmund, wielding a +1 vorpal scythe and wearing a +0 robe (57% to hit)
Okay, then.
Throw: 2 darts (curare) {=f}
Press: ? - help, Shift-Dir - straight line, f - Sigmund
Aim: Sigmund, wielding a +1 vorpal scythe and wearing a +0 robe (57% to hit)
You throw a curare-tipped dart {=f}.
The curare-tipped dart {=f} closely misses Sigmund.
Sigmund gestures at you while chanting.
You are confused.
It was a potion of flight.
You feel very buoyant.
You fly up into the air.
Sigmund says, "Your kind have come here before.
I understand now why.
You desire death..."
It was a potion of curing.
You feel better. Sigmund casts a spell at you.
The magic dart hits you! 😮 HP[-8]
You take 8 damage, and now have 17/25 hp.
MASSIVE DAMAGE!! (PAUSE) Throw: dart (curare) {=f}
Press: ? - help, Shift-Dir - straight line, f/p - Sigmund
Aim: Sigmund, wielding a +1 vorpal scythe and wearing a +0 robe (57% to hit)
You throw a curare-tipped dart {=f}.
The curare-tipped dart {=f} barely misses Sigmund.
Throw: 9 darts (poison)
Press: ? - help, Shift-Dir - straight line, f/p - Sigmund
Aim: Sigmund, wielding a +1 vorpal scythe and wearing a +0 robe (57% to hit)
You throw a poisoned dart.
The poisoned dart closely misses Sigmund. 😮 HP[+1] Sigmund hits you with a +1 vorpal scythe.
* * * LOW HITPOINT WARNING * * *
😨 HP[-6]
You take 6 damage, and now have 12/25 hp.
MASSIVE DAMAGE!! (PAUSE)
You hit Sigmund. You grab Sigmund.
You constrict Sigmund, but do no damage.
Sigmund hits you with a +1 vorpal scythe!
You die...

Action                   || total
-------------------------++-------
Melee: Dagger            ||    39
       Constrict         ||    10
       Tentacles         ||     2
Throw: Dart              ||     4
  Use: Scroll            ||     2
       Potion            ||     2
 Stab: Sleeping          ||    10
Armor: Skin              ||     6
Dodge: Dodged            ||    15

Levels and vault maps discovered:
D:1:      minmay_arrival_semitransparent, layout_basic,
          hellmonk_ecumenical_altar_arch_garden
D:2:      layout_loops_ring, uniq_sigmund

Notes
Turn   | Place    | Note
-------+----------+-------------------------------------------
     0 | D:1      | spiderkeys the Octopode Brigand began the quest for the
                  | Orb.
     0 | D:1      | Reached XP level 1. HP: 14/14 MP: 1/1
     0 | D:1      | magus.rc [v1.11.3]
     2 | D:1      | You pick up a book of Changes and begin reading...
     2 | D:1      | You add the spells Beastly Appendage, Wereblood and Spider
                  | Form to your library.
   307 | D:1      | Reached XP level 2. HP: 12/19 MP: 2/2
   793 | D:1      | You pick up a book of Vapours and begin reading...
   793 | D:1      | You add the spells Poisonous Vapours and Corpse Rot to your
                  | library.
   990 | D:1      | Found a faded altar of an unknown god.
  1245 | D:2      | Reached XP level 3. HP: 23/24 MP: 3/3
  1359 | D:2      | Noticed Sigmund
  1589 | D:2      | Slain by Sigmund

Vanquished Creatures
  2 endoplasms (D:1)
  A giant cockroach (D:1)
  A hobgoblin (D:2)
  4 jackals (D:2)
  4 kobolds (D:1)
  2 quokkas (D:1)
  A ball python (D:1)
  3 bats
  A goblin (D:1)
  3 rats
22 creatures vanquished.

Table legend:
 A = Non-vault XP
 B = Vault XP
 C = Vault XP percentage of total XP
 D = Non-vault monster count
 E = Vault monster count
 F = Vault count percentage of total count
                 A         B        C        D         E       F
            +---------+---------+-------+---------+---------+-------
      Total |      36 |       0 |   0.0 |      22 |       0 |   0.0
            +---------+---------+-------+---------+---------+-------
        D:1 |      23 |       0 |   0.0 |      15 |       0 |   0.0
        D:2 |      13 |       0 |   0.0 |       7 |       0 |   0.0
            +---------+---------+-------+---------+---------+-------

Illustrated notes

Table legend:
 A = Kills in this place as a percentage of kills in entire the game.
 B = Kills by you in this place as a percentage of kills by you in the entire game.
 C = Kills by friends in this place as a percentage of kills by friends in the entire game.
 D = Other kills in this place as a percentage of other kills in the entire game.
 E = Experience gained in this place as a percentage of experience gained in the entire game.
 F = Experience gained in this place divided by the number of levels of this place that you have seen.
                   A       B       C       D       E      F
               +-------+-------+-------+-------+-------+----------------------
         Total | 100.0 | 100.0 |   N/A |   N/A | 100.0 |  18.0
       Dungeon | 100.0 | 100.0 |   N/A |   N/A | 100.0 |  18.0
               +-------+-------+-------+-------+-------+----------------------

Table legend: (Time is in decaauts)
 A = Elapsed time spent in this place.
 B = Non-inter-level travel time spent in this place.
 C = Inter-level travel time spent in this place.
 D = Time resting spent in this place.
 E = Time spent auto-exploring this place.
 F = Levels seen in this place.
 G = Mean time per level.
                   A        B        C        D        E       F      G
               +--------+--------+--------+--------+--------+-----+--------+
         Total |   1585 |   1562 |     23 |    200 |   1182 |   2 |  792.5 |
       Dungeon |   1585 |   1562 |     23 |    200 |   1182 |   2 |  792.5 |
               +--------+--------+--------+--------+--------+-----+--------+

Top non-repeatable levels by time:
     D:1: 1314 daAuts
     D:2: 270 daAuts
